 Dungeon Crawl Stone Soup version 0.28.0-53-g5a82cb258f (webtiles) character file.

Game seed: 4623909471168421556

10 Sin92 the Grasshopper (level 2, 0/22 HPs)
             Began as a Demonspawn Warper on July 15, 2022.
             Slain by an adder (3 damage)
             ... on level 2 of the Dungeon.
             The game lasted 00:01:09 (1607 turns).

Sin92 the Grasshopper (Demonspawn Warper)           Turns: 1607, Time: 00:01:10

Health: 0/22       AC:  3    Str: 11    XL:     2   Next: 10%
Magic:  5/5        EV: 11    Int: 16    God:
Gold:   76         SH:  0    Dex: 12    Spells: 3/5 levels left

rFire   . . .      SeeInvis .   a - +0 short sword
rCold   . . .      Faith    .   (no shield)
rNeg    . . .      Spirit   .   b - +0 leather armour
rPois   .          Reflect  .   (no helmet)
rElec   .          Harm     .   (no cloak)
rCorr   .          Rampage  .   (no gloves)
Will    .....                   (no boots)
Stlth   +.........              (no amulet)
HPRegen 0.07/turn               (no ring)
MPRegen 0.09/turn               (no ring)

@: lethally poisoned (0 -> -3)
A: big brain 1
a: no special abilities


You were on level 2 of the Dungeon.
You visited 1 branch of the dungeon, and saw 2 of its levels.

You collected 76 gold pieces.

Inventory:

Hand Weapons
 a - a +0 short sword (weapon)
Missiles
 d - 2 boomerangs of dispersal (quivered)
Armour
 b - a +0 leather armour (worn)
Scrolls
 c - a scroll of blinking
 e - a scroll of teleportation {unknown}
 f - a scroll of enchant weapon {unknown}


   Skills:
 + Level 2.1 Fighting
 + Level 1.8 Short Blades
 - Level 0.8 Throwing
 + Level 1.2 Armour
 + Level 1.8 Dodging
 + Level 0.4 Stealth
 + Level 2.1 Spellcasting
 + Level 2.7 Translocations


You had 3 spell levels left.
You knew the following spells:

 Your Spells              Type           Power      Damage    Failure   Level
a - Blink                 Tloc           20%        N/A       13%         2

Your spell library contained the following spells:

 Spells                   Type           Power      Damage    Failure   Level
 Gell's Gravitas          Tloc           10%        N/A       26%         3
 Lesser Beckoning         Tloc           10%        N/A       26%         3
 Teleport Other           Tloc           10%        N/A       26%         3
 Manifold Assault         Tloc           10%        N/A       94%         5


Dungeon Overview and Level Annotations

Branches:
Dungeon (2/15)

Altars:


Innate Abilities, Weirdness & Mutations

You have an unusually large brain. (Int +2)


Message History

You hit the adder.
The adder is severely wounded.
The adder bites you but does no damage. The adder bites you.
You are poisoned.
The adder poisons you!
An adder is nearby!
You barely miss the adder.
The adder is severely wounded.
You feel sick. The adder bites you.
An adder is nearby!
You throw a boomerang of dispersal.
The boomerang of dispersal barely misses the adder.
You feel sick. The adder barely misses you. x2
An adder is nearby!
You hit the adder.
The adder is almost dead.
You feel sick.
You are no longer poisoned.
The adder bites you.
You are too injured to fight recklessly!
You are too injured to fight recklessly!
You are too injured to fight recklessly!
You barely miss the adder.
The adder is almost dead.
The adder barely misses you.
You barely miss the adder.
The adder is almost dead.
The adder bites you.
* * * LOW HITPOINT WARNING * * *
You are lethally poisoned!
The adder poisons you! The adder closely misses you.
You hit the adder but do no damage. Your punch misses the adder.
The adder is almost dead.
* * * LOW HITPOINT WARNING * * *
You feel sick. The adder bites you but does no damage.
You barely miss the adder.
The adder is almost dead.
* * * LOW HITPOINT WARNING * * *
You feel sick. The adder bites you.
You die...

... ... # .. #.
.. ####.### .#
......## .######
#.##..####S.....#
# #........@#
#.##...†###...#
#....#### ###..#
#.##..# #..# ..
##.##### #... .
#.....# ####
#####.## .###..#
.## ..##.#


You could see an adder.

Vanquished Creatures
  3 giant cockroaches (D:1)
  A hobgoblin (D:1)
  A quokka (D:2)
  A bat (D:1)
  A frilled lizard (D:1)
  2 goblins (D:1)
9 creatures vanquished.

Notes
Turn   | Place    | Note
-------+----------+-------------------------------------------
     0 | D:1      | Sin92 the Demonspawn Warper began the quest for the Orb.
     0 | D:1      | Reached XP level 1. HP: 16/16 MP: 3/3
   198 | D:1      | Reached skill level 1 in Armour
   537 | D:1      | Found a faded altar of an unknown god.
  1334 | D:1      | Gained mutation: You have an unusually large brain. (Int
                  | +2) [demonic ancestry]
  1334 | D:1      | Reached XP level 2. HP: 18/22 MP: 5/5
  1487 | D:1      | Learned a level 2 spell: Blink
  1607 | D:2      | Slain by an adder

Illustrated notes

Levels and vault maps discovered:
D:1:      scummos_arrival_gate, layout_basic, ebering_ecumenical_altar_webs
D:2:      layout_rooms, uniq_natasha

Skill      XL: |  1 |
---------------+----+-----
Armour         | 1 |  1.2
Fighting       | |  2.1
Short Blades   | |  1.8
Throwing       | |  0.8
Dodging        | |  1.8
Stealth        | |  0.4
Spellcasting   | |  2.1
Translocations | |  2.7

Action                   || total
-------------------------++-------
Melee: Short sword       ||    72
Throw: Boomerang         ||     3
Armor: Leather armour    ||    27
Dodge: Dodged            ||    33
